 Dungeon Crawl Stone Soup version 0.29-a0-393-g47a863cc1b (console) character file.

Game seed: 12641004717251849666

4 renatya the Magician (level 1, -1/10 HPs)
             Began as a Vine Stalker Wanderer on May 10, 2022.
             Slain by a gnoll
             ... wielding a +0 club
              (4 damage)
             ... on level 1 of the Dungeon.
             The game lasted 00:01:09 (692 turns).

renatya the Magician (Vine Stalker Wanderer)         Turns: 692, Time: 00:01:10

Health: -1/10      AC:  4    Str: 15    XL:     1   Next: 60%
Magic:  0/4        EV: 11    Int: 11    God:
Gold:   38         SH:  0    Dex: 13    Spells: 3/4 levels left

rFire   . . .      SeeInvis .   a - +2 falchion
rCold   . . .      Faith    .   (no shield)
rNeg    . . .      Spirit   +   e - +0 leather armour
rPois   .          Reflect  .   (no helmet)
rElec   .          Harm     .   (no cloak)
rCorr   .          Rampage  .   (no gloves)
Will    .....                   h - +0 pair of boots
Stlth   +.........              (no amulet)
HPRegen 0.03/turn               (no ring)
MPRegen 0.09/turn               (no ring)

@: no status effects
A: fangs 2, magic shield, antimagic bite, no potion heal 2
a: no special abilities


You were on level 1 of the Dungeon.
You visited 1 branch of the dungeon, and saw 1 of its levels.

You collected 38 gold pieces.

Inventory:

Hand Weapons
 a - a +2 falchion (weapon)
 c - a +0 dagger
Missiles
 b - 11 poisoned darts (quivered)
Armour
 e - a +0 leather armour (worn)
 h - a +0 pair of boots (worn)
Scrolls
 d - a scroll of fog
 f - a scroll of enchant armour {unknown}


   Skills:
 + Level 1.0 Fighting
 - Level 1.7 Long Blades
 - Level 1.7 Throwing
 - Level 1.0 Armour
 - Level 1.0 Dodging
 - Level 1.2 Stealth
 - Level 2.1 Spellcasting
 - Level 1.0 Conjurations


You had 3 spell levels left.
You knew the following spells:

 Your Spells              Type           Power      Damage    Failure   Level
a - Foxfire               Conj/Fire      8%         2x1d4     28%         1

Your spell library contained the following spells:

 Spells                   Type           Power      Damage    Failure   Level
 Stone Arrow              Conj/Erth      4%         3d7       65%         3


Dungeon Overview and Level Annotations

Branches:
Dungeon (1/15)

Altars:


Innate Abilities, Weirdness & Mutations

You have extremely sharp teeth.
When hurt, damage is shared between your health and your magic reserves.
Your bite disrupts and absorbs the magic of your enemies.
Potions cannot restore your health.


Message History

The quokka looks even sicker.
You hit the quokka.
You kill the quokka!
Your Fighting skill increases to level 1!
b - 14 poisoned darts (gained 1)
Found a spear.
You see here a +0 spear.
Found a spear.
You see here a +0 spear.
Found a war axe.
A gnoll comes into view. It is wielding a +0 club.
The gnoll shouts!
Unknown command.
Unknown command.
Unknown command.
You see here a +0 war axe.
Unknown command.
Unknown command.
Throw: 14 darts (poison)
Press: ? - help, Q - select action, (/) - cycle Shift-Dir - straight line, f - gnoll
Aim: a gnoll, wielding a +0 club (60% to hit)
You throw a poisoned dart.
The poisoned dart closely misses the gnoll.
Throw: 13 darts (poison)
Press: ? - help, Q - select action, (/) - cycle Shift-Dir - straight line, f/p - gnoll
Aim: a gnoll, wielding a +0 club (60% to hit)
You throw a poisoned dart. The poisoned dart hits the gnoll.
The gnoll is poisoned.
The gnoll hits you with a +0 club.
Throw: 12 darts (poison)
Press: ? - help, Q - select action, (/) - cycle Shift-Dir - straight line, f/p - gnoll
Aim: a gnoll, wielding a +0 club (poisoned, 60% to hit)
You throw a poisoned dart.
The poisoned dart closely misses the gnoll.
The gnoll hits you with a +0 club!
Ouch! That really hurt!
* * * LOW HITPOINT WARNING * * *
It was a potion of curing.
That felt strangely inert.
The gnoll hits you with a +0 club.
You die...

#..# #..# #..# #..#
#..# #..#######
#(........
#g########
##@################
#..................
#..################
#................##
#.####.............
#.# #.###.#####.##
#.# #.# #.......#
#.# #.# #.#######
#.# #.# #)#


You could see a gnoll (poisoned).

Vanquished Creatures
  A hobgoblin (D:1)
  A quokka (D:1)
  A kobold (D:1)
  A rat (D:1)
4 creatures vanquished.

Vanquished Creatures (others)
  5 toadstools (D:1)
5 creatures vanquished.

Grand Total: 9 creatures vanquished

Notes
Turn   | Place    | Note
-------+----------+-------------------------------------------
     0 | D:1      | renatya the Vine Stalker Wanderer began the quest for the
                  | Orb.
     0 | D:1      | renatya set off with the following items: a +2 falchion, 15
                  | poisoned darts, a +0 dagger, a scroll of fog, a +0 leather
                  | armour; and the following spell memorised: Foxfire; and the
                  | following spells available to memorise: Stone Arrow
     0 | D:1      | Reached XP level 1. HP: 9/9 MP: 4/4
   154 | D:1      | Found a faded altar of an unknown god.
   542 | D:1      | Reached skill level 1 in Fighting
   692 | D:1      | Slain by a gnoll

Illustrated notes

Levels and vault maps discovered:
D:1:      ldierk_walled_garden, layout_basic,
          dreamdust_ecumenical_altar_angels_and_demons

Skill      XL: |  1 |
---------------+----+-----
Fighting       | 1 |  1.0
Long Blades    | |  1.7
Throwing       | |  1.7
Armour         | |  1.0
Dodging        | |  1.0
Stealth        | |  1.2
Spellcasting   | |  2.1
Conjurations   | |  1.0

Action                   || total
-------------------------++-------
Melee: Falchion          ||    13
       Bite              ||     1
Throw: Dart              ||     5
  Use: Potion            ||     1
Armor: Leather armour    ||     2
Dodge: Dodged            ||     6

Table legend: (Time is in decaauts)
 A = Elapsed time spent in this place.
 B = Non-inter-level travel time spent in this place.
 C = Inter-level travel time spent in this place.
 D = Time resting spent in this place.
 E = Time spent auto-exploring this place.
 F = Levels seen in this place.
 G = Mean time per level.
                   A        B        C        D        E       F      G
               +--------+--------+--------+--------+--------+-----+--------+
         Total |    694 |    694 |      0 |    170 |    460 |   1 |  694.0 |
       Dungeon |    694 |    694 |      0 |    170 |    460 |   1 |  694.0 |
               +--------+--------+--------+--------+--------+-----+--------+

Top non-repeatable levels by time:
     D:1: 694 daAuts
